 Dungeon Crawl Stone Soup version 0.29-a0-418-gc0181ea820 (webtiles) character file.

Game seed: 12245508381620957011

24 KristoblXynda the Magician (level 2, -3/24 HPs)
             Began as a Troll Hedge Wizard on May 17, 2022.
             Slain by a gnoll
             ... wielding a +0 spear
              (5 damage)
             ... on level 2 of the Dungeon.
             The game lasted 00:00:51 (676 turns).

KristoblXynda the Magician (Troll Hedge Wizard)      Turns: 676, Time: 00:00:52

Health: -3/24      AC:  4    Str: 17    XL:     2   Next: 79%
Magic:  4/4        EV:  9    Int: 10    God:
Gold:   44         SH:  0    Dex:  9    Spells: 4/5 levels left

rFire   . . .      SeeInvis .     - Unarmed
rCold   . . .      Faith    .   (no shield)
rNeg    . . .      Spirit   .   b - +0 robe
rPois   .          Reflect  .   c - +0 hat
rElec   .          Harm     .   (no cloak)
rCorr   .          Rampage  .   (gloves unavailable)
Will    .....                   (boots unavailable)
Stlth   +.........              (no amulet)
HPRegen 0.88/turn               (no ring)
MPRegen 0.09/turn               (no ring)

@: no status effects
A: large, unfitting armour, claws 3, regeneration 1, shaggy fur 1, tough skin 1
a: no special abilities


You were on level 2 of the Dungeon.
You visited 1 branch of the dungeon, and saw 2 of its levels.

You collected 44 gold pieces.

Inventory:

Armour
 b - a +0 robe (worn)
 c - a +0 hat (worn)
Jewellery
 e - a ring of resist corrosion
Scrolls
 f - a scroll of blinking {unknown}
 g - a scroll of identify {unknown}
 i - a scroll of enchant weapon {unknown}
 j - 2 scrolls of teleportation {unknown}
 k - 2 scrolls of fog {unknown}
Potions
 a - a potion of might {unknown}
 d - a potion of magic
 h - a potion of curing {unknown}


   Skills:
 - Level 1.5 Dodging
 - Level 1.0 Stealth
 + Level 2.0 Unarmed Combat
 - Level 2.0 Spellcasting
 + Level 1.2 Conjurations
 - Level 0.6 Summonings
 - Level 0.6 Translocations


You had 4 spell levels left.
You knew the following spells:

 Your Spells              Type           Power      Damage    Failure   Level
a - Magic Dart            Conj           12%        1d3       19%         1

Your spell library contained the following spells:

 Spells                   Type           Power      Damage    Failure   Level
 Slow                     Hex            4%         N/A       30%         1
 Blink                    Tloc           4%         N/A       36%         2
 Call Imp                 Summ           2%         N/A       36%         2
 Conjure Flame            Conj/Fire      2%         6-21      58%         3
 Mephitic Cloud           Conj/Pois/Air  1%         N/A       61%         3


Dungeon Overview and Level Annotations

Branches:
Dungeon (2/15)

Altars:
Okawaru


Innate Abilities, Weirdness & Mutations

You are too large for most types of armour.
You have claws for hands.
Your natural rate of healing is unusually fast.
You are covered in fur. (AC +1)
You have tough skin. (AC +1)


Message History

A gnoll comes into view. It is wielding a +0 halberd.
You barely miss the bat. The bat closely misses you.
The bat hits you but does no damage.
You claw the bat!
You kill the bat!
A gnoll comes into view. It is wielding a +0 club.
Your Unarmed Combat skill increases to level 2!
A gnoll comes into view. It is wielding a +0 club.
Found 12 gold pieces.
The gnoll shouts! x2; You hear an angry hiss.
The gnoll barely misses you.
You hear a shout!
A gnoll comes into view.
It is wielding a +0 spear and quivering poisoned darts.
The gnoll shouts!
The gnoll hits you with a +0 halberd!
You scratch the gnoll but do no damage. The gnoll hits you with a +0 halberd.
You are too injured to fight recklessly!
You are too injured to fight recklessly!
You are too injured to fight recklessly!
You are too injured to fight recklessly!
You are too injured to fight recklessly!
You are too injured to fight recklessly!
You are too injured to fight recklessly!
You are too injured to fight recklessly!
You are too injured to fight recklessly!
You are too injured to fight recklessly!
You are too injured to fight recklessly!
You are too injured to fight recklessly!
You are too injured to fight recklessly!
You are too injured to fight recklessly!
You are too injured to fight recklessly!
You are too injured to fight recklessly!
You are too injured to fight recklessly!
Unknown command.
You barely miss the gnoll. The gnoll hits you with a +0 halberd!
* * * LOW HITPOINT WARNING * * *
You claw the gnoll!
The gnoll is almost dead.
The gnoll hits you from afar with a +0 spear.
You die...

####### ###..$..#
........## ##..._...#
.........# .........# .
#.gg..# #..
...####@###.#.######
.....gg.............
.....[...##.#.......
..........#.#.....
........#.#.....
........#.###)##########
###.....+...............
#.....##.##...........
#.....##..#.###.......


You could see 4 gnolls.

Vanquished Creatures
  An adder (D:2)
  A dart slug (D:1)
  A ball python (D:1)
  2 endoplasms
  A giant cockroach (D:1)
  2 hobgoblins (D:1)
  A bat (D:2)
  A frilled lizard (D:1)
  4 rats (D:1)
14 creatures vanquished.

Notes
Turn   | Place    | Note
-------+----------+-------------------------------------------
     0 | D:1      | KristoblXynda the Troll Hedge Wizard began the quest for
                  | the Orb.
     0 | D:1      | Reached XP level 1. HP: 16/16 MP: 2/2
    76 | D:1      | Reached skill level 1 in Unarmed Combat
   129 | D:1      | Reached XP level 2. HP: 24/24 MP: 4/4
   208 | D:1      | Reached skill level 1 in Conjurations
   668 | D:2      | Found an iron altar of Okawaru.
   676 | D:2      | Slain by a gnoll

Illustrated notes

Levels and vault maps discovered:
D:1:      shiori_arrival_elements, layout_basic
D:2:      layout_basic, basic_altar, serial_shops, shop, shop,
          nicolae_shop_hallway_stairs, nicolae_shop_advertising_works
          [nicolae_subvault_shop_adworks]

Skill      XL: |  1  2 |
---------------+-------+-----
Unarmed Combat | 1 2 |  2.0
Conjurations   | 1 |  1.2
Dodging        | |  1.5
Stealth        | |  1.0
Spellcasting   | |  2.0
Summonings     | |  0.6
Translocations | |  0.6

Action                   || total
-------------------------++-------
Melee: Unarmed           ||    47
       Punch             ||     1
 Stab: Sleeping          ||     3
Armor: Robe              ||    14
Dodge: Dodged            ||    16

Table legend: (Time is in decaauts)
 A = Elapsed time spent in this place.
 B = Non-inter-level travel time spent in this place.
 C = Inter-level travel time spent in this place.
 D = Time resting spent in this place.
 E = Time spent auto-exploring this place.
 F = Levels seen in this place.
 G = Mean time per level.
                   A        B        C        D        E       F      G
               +--------+--------+--------+--------+--------+-----+--------+
         Total |    674 |    571 |    103 |      0 |    462 |   2 |  337.0 |
       Dungeon |    674 |    571 |    103 |      0 |    462 |   2 |  337.0 |
               +--------+--------+--------+--------+--------+-----+--------+

Top non-repeatable levels by time:
     D:1: 627 daAuts
     D:2: 47 daAuts
